 Dungeon Crawl Stone Soup version 0.31.0-12-g77e489cdc1 (webtiles) character file.

Game seed: 18221217878712405024

543 112233 the Ruffian (level 7, -3/47 HPs)
             Began as an Octopode Shapeshifter on Feb 14, 2024.
             Frozen to death by an endoplasm (5 damage)
             ... on level 4 of the Dungeon.
             The game lasted 00:01:58 (2546 turns).

112233 the Ruffian (Octopode Shapeshifter)          Turns: 2546, Time: 00:01:59

Health: -3/47      AC:  9    Str: 14    XL:     7   Next: 27%
Magic:  7/7        EV: 14    Int: 12    God:
Gold:   157        SH:  0    Dex: 13    Spells: 6/6 levels left

rFire   . .          .
                       - Unarmed
rCold   . . .        (no shield)
rNeg    + . .        (helmet currently unavailable)
rPois   .            (no amulet)
rElec   .            h - +4 ring of protection
rCorr   .            k - +4 ring of protection
SInv    .            e - ring of positive energy
Will    .....        (no ring)
Stlth   ++           (no ring)
HPRegen 0.27/turn    (no ring)
MPRegen 0.10/turn    (no ring)
                     (no ring)

%: no passive effects
@: beast-form, attractive, hasted, very quick
A: beast (slay +2), almost no armour, amphibious, 8 rings, camouflage 1,
gelatinous body 1, (nimble swimmer 1), tentacles
a: Begin Untransformation


You were on level 4 of the Dungeon.
You were a hulking beast.
You visited 1 branch of the dungeon, and saw 4 of its levels.

You collected 157 gold pieces.

Inventory:

Hand Weapons
 j - a +0 sling
Jewellery
 e - a ring of positive energy (on tentacle)
 h - a +4 ring of protection (left tentacle)
 k - a +4 ring of protection (right tentacle)
 l - a +6 ring of dexterity
Talismans
 b - a beast talisman
 c - a flux talisman
Scrolls
 d - 2 scrolls of revelation {unknown}
 f - 4 scrolls of identify {unknown}
 g - a scroll of poison {unknown}
 i - a scroll of immolation {unknown}
 p - a scroll of fear {unknown}
 q - a scroll of butterflies {unknown}
Potions
 a - a potion of lignification


   Skills:
 + Level 3.7 Fighting
 + Level 4.1 Dodging
 + Level 4.7 Unarmed Combat
 + Level 4.5 Shapeshifting


You had 6 spell levels left.
You didn't know any spells.
Your spell library was empty.

Dungeon Overview and Level Annotations

Branches:
Dungeon (4/15)
 Temple: D:4-7

Altars:
Elyvilon


Innate Abilities, Weirdness & Mutations

You are a hulking beast.
Your limbs bulge with bestial killing power. (Slay +2)
You cannot wear most types of armour.
You are amphibious.
You can wear up to eight rings at the same time.
Your skin changes colour to match your surroundings (Stealth+).
Your rubbery body absorbs attacks. (AC +1, EV +1)
((You are camouflaged when in or above water. (Stealth+)))
You have tentacles for arms and can constrict up to eight enemies at once.


Message History

A magic dart appears from out of thin air!
The magic dart hits you! The endoplasm freezes you.
You are frozen.
* * * LOW HITPOINT WARNING * * *
You barely miss something.
The orc wizard shouts!
Your squeeze misses something.
You hear some strange, mumbled words.
A magic dart appears from out of thin air!
The magic dart hits you but does no damage.
You hear some strange, mumbled words.
A magic dart appears from out of thin air!
The magic dart hits you.
* * * LOW HITPOINT WARNING * * *
The endoplasm barely misses you.
Your transformation has ended.
You turn into a tree.
Your roots penetrate the ground.
Something hits you but does no damage. Something hits you.
* * * LOW HITPOINT WARNING * * *
The endoplasm hits you but does no damage.
It was a potion of cancellation.
Your magical effects are unravelling.
You feel magically purged.
You feel less wooden.
You turn into a hulking beast.
Something barely misses you. x2
The endoplasm hits you but does no damage.
It was a potion of attraction.
You feel attractive to monsters. Something barely misses you. x2
The endoplasm freezes you.
You are frozen.
* * * LOW HITPOINT WARNING * * *
The orc wizard is attracted toward you.
It was a potion of haste.
You feel yourself speed up.
A nearby plant withers and dies.
Something hits you but does no damage. Something barely misses you.
The endoplasm freezes you.
You are frozen.
You die...

+..#...).....##. ..#
#......<...#...###..#
#.......[#.###......#
.....#..........()..#
.....#[........)[...# #
#+#.......#..$..[...#.#
#..###...♣....###...##
#.. ###....♣.)†......
#. ...P~....h{...... #.
##.~~~♣.{PJ...... .
#P.~~♣~.o.......
#P~♣~~.♣..§.....
#.♣~~~♣~P.......
...~~~~♣........ ...♣~
......... .♣♣ .........


You could see an orc wizard and an endoplasm.

Vanquished Creatures
  Sigmund (D:3)
  Pargi (D:3)
  An orc priest (D:4)
  3 orc wizards
  6 adders
  5 dart slugs
  4 ribbon worms
  22 orcs
  6 bats
  2 endoplasms
  3 giant cockroaches
  11 goblins
  4 hobgoblins
  3 jackals (D:2)
  A quokka (D:2)
  4 ball pythons
  A frilled lizard (D:2)
  3 kobolds (D:2)
  5 rats
86 creatures vanquished.

Notes
Turn   | Place    | Note
-------+----------+-------------------------------------------
     0 | D:1      | 112233 the Octopode Shapeshifter began the quest for the
                  | Orb.
     0 | D:1      | Reached XP level 1. HP: 13/13 MP: 1/1
    95 | D:1      | Reached XP level 2. HP: 18/18 MP: 2/2
   583 | D:2      | Reached XP level 3. HP: 23/23 MP: 3/3
   796 | D:2      | Found a white marble altar of Elyvilon.
  1082 | D:2      | Reached XP level 4. HP: 29/29 MP: 4/4
  1441 | D:3      | Reached XP level 5. HP: 35/35 MP: 5/5
  1800 | D:3      | Noticed Sigmund
  1820 | D:3      | Killed Sigmund
  1821 | D:3      | Reached XP level 6. HP: 19/42 MP: 6/6
  1989 | D:3      | Noticed Pargi
  1993 | D:3      | Identified the +0 ring mail of Robrext {Will++ Int-4}
  2011 | D:3      | Killed Pargi
  2141 | D:4      | Reached XP level 7. HP: 46/46 MP: 7/7
  2522 | D:4      | Identified the +1 leather armour of Dogma {rC+ Will++}
  2545 | D:4      | HP: 2/47 [frozen (5)]
  2546 | D:4      | Frozen to death by an endoplasm

Illustrated notes

Levels and vault maps discovered:
D:1:      lemuel_arrival_lava_pool, layout_rooms
D:2:      layout_basic, basic_altar
D:3:      kennysheep_the_goblin_king, layout_basic,
          ebering_dispersal_statue_hall, uniq_sigmund, uniq_pargi
D:4:      corexii_shack_village, layout_rooms, mainiacjoe_overflow_brackets,
          mainiacjoe_overflow_chevrons, mainiacjoe_ossuary_entry_dusty_tomb,
          serial_bayou_pond_a, minmay_misc_feat_hallway

Skill      XL: |  1  2  3  4  5  6  7 |
---------------+----------------------+-----
Fighting       | 2 3 |  3.7
Dodging        | 3 4 |  4.1
Unarmed Combat | 4 |  4.7
Shapeshifting  | 4 |  4.5

Action                     |  1- 3 |  4- 6 |  7- 9 || total
---------------------------+-------+-------+-------++-------
  Melee: Unarmed           |    28 |    89 |    45 ||   162
         Constrict         |    12 |    18 |    14 ||    44
         Tentacles         |     5 |    16 |    12 ||    33
         Punch             |     1 |     1 |     1 ||     3
   Fire: Sling             |    67 |       |       ||    67
    Use: Potion            |       |     1 |     4 ||     5
   Stab: Sleeping          |     3 |     3 |       ||     6
 Armour: Skin              |    39 |    84 |    36 ||   159
  Dodge: Dodged            |    48 |    39 |    49 ||   136
